 Dungeon Crawl Stone Soup version 0.21.1-1-g345015f (webtiles) character file.

33 kae the Insei (level 3, 0/28 HPs)
             Began as a Draconian Transmuter on Apr 13, 2018.
             Splashed by a jelly's acid (1 damage)
             ... on level 2 of the Dungeon on Apr 15, 2018.
             The game lasted 00:02:00 (1369 turns).

kae the Insei (Draconian Transmuter)                Turns: 1369, Time: 00:02:01

Health: 0/28       AC: -6    Str: 12    XL:     3   Next: 12%
Magic:  3/6        EV: 19    Int: 13    God:
Gold:   8          SH:  0    Dex: 17    Spells: 0/6 levels left

rFire    . . .     SeeInvis .     - Unarmed
rCold    . . .     Gourm    .   (shield currently unavailable)
rNeg     . . .     Faith    .   (armour unavailable)
rPois    x         Spirit   .   (helmet currently unavailable)
rElec    .         Reflect  .   (cloak currently unavailable)
rCorr    .         Harm     .   (gloves currently unavailable)
MR       .....                  (boots currently unavailable)
Stlth    ++........             (no amulet)
HPRegen  0.09/turn              (no ring)
MPRegen  0.10/turn              (no ring)

@: spider-form (expiring), corroded
A: tiny, unfitting armour, AC +5
a: End Transformation


You were on level 2 of the Dungeon.
You were hungry.
You were a venomous arachnid creature.
You visited 1 branch of the dungeon, and saw 2 of its levels.

You collected 8 gold pieces.

Inventory:

Missiles
 a - 23 arrows
Scrolls
 d - a scroll of magic mapping
 e - a scroll of identify
 f - 2 scrolls of remove curse
 h - a scroll of fog {unknown}
Potions
 g - a potion of flight
 i - 2 potions of berserk rage {unknown}
Books
 b - a book of Changes

   Spells                             Type                      Level
   a - Beastly Appendage              Transmutation                1
   b - Sticks to Snakes               Transmutation                2
   c - Spider Form                    Transmutation/Poison         3
   d - Ice Form                       Ice/Transmutation            4
   e - Blade Hands                    Transmutation                5
Comestibles
 c - 4 rations


   Skills:
 + Level 1.1 Fighting
 - Level 1.7 Dodging
 * Level 4.1 Unarmed Combat
 + Level 2.2 Spellcasting
 + Level 2.0 Transmutations


You couldn't memorise any spells.
You knew the following spells:

 Your Spells              Type           Power        Failure   Level  Hunger
a - Beastly Appendage     Tmut           #.....       26%         1    ##.....
b - Sticks to Snakes      Tmut           #.......     34%         2    ###....
c - Spider Form           Tmut/Pois      #.........   65%         3    ####...


Dungeon Overview and Level Annotations

Branches:
Dungeon (2/15)

Altars:


Innate Abilities, Weirdness & Mutations

((Your plain brown scales are hard. (AC +5)))
You cannot fit into any form of body armour.
((You are cold-blooded and may be slowed by cold attacks.))


Message History

The jelly closely misses you.
You hit the jelly but do no damage.
Your front legs burn!
The jelly barely misses you.
You bite the jelly!
Your front legs burn!
The jelly is heavily wounded.
The jelly hits you. The acid corrodes you!
You are splashed with acid!
The acid burns!
You hit the jelly.
Your front legs burn!
The jelly is heavily wounded.
Your transformation is almost over.
The jelly barely misses you.
You hit the jelly but do no damage.
Your front legs burn!
The jelly is heavily wounded.
You completely miss the jelly.
The jelly is heavily wounded.
The jelly hits you.
You are splashed with acid!
The acid burns!
* * * LOW HITPOINT WARNING * * *
You hit the jelly but do no damage. The acid corrodes you!
Your front legs burn!
You die...

##..(..###....#
#.#
#.......##(...#
#.#
#.......###'#.#
#.# #.......#
#.#.##### #.#
#.......#
#.......# #.#
#....####
##..###.# #.#
#....'..## #..#
#.# #.#
########.# #..#
#.# #.#
##..JJs.## ##>#
#.# #.#
*#'#######* ###
#.###.#
#...P.÷.P.*
#....[#
#....J..JJ*
#######
#÷P..JP.P.*
#.J.P.PJP.*
#.P..JP..÷*
#......÷P!*
##########*


You could see 2 jellies.

Vanquished Creatures
  An ooze (D:2)
  A worm (D:2)
  3 giant cockroaches (D:1)
  2 goblins (D:1)
  A hobgoblin (D:1)
  A quokka (D:2)
  2 bats (D:1)
  2 frilled lizards (D:2)
  11 kobolds
  2 rats
26 creatures vanquished.

Vanquished Creatures (others)
  A fungus (D:2)
  6 toadstools (D:2)
7 creatures vanquished.

Grand Total: 33 creatures vanquished

Notes
Turn   | Place    | Note
-------+----------+-------------------------------------------
     0 | D:1      | kae the Draconian Transmuter began the quest for the Orb.
     0 | D:1      | Reached XP level 1. HP: 16/16 MP: 3/3
   398 | D:1      | Reached XP level 2. HP: 22/23 MP: 5/5
   824 | D:2      | Found a faded altar of an unknown god.
  1192 | D:2      | Reached skill level 4 in Unarmed Combat
  1228 | D:2      | Reached XP level 3. HP: 26/28 MP: 6/6
  1251 | D:2      | Learned a level 2 spell: Sticks to Snakes
  1255 | D:2      | Learned a level 3 spell: Spider Form
  1368 | D:2      | HP: 1/28 [acid (8)]
  1369 | D:2      | Splashed by a jelly's acid

Skill      XL: |  1  2 |
---------------+-------+-----
Unarmed Combat | 4 |  4.1
Fighting       | |  1.1
Dodging        | |  1.7
Spellcasting   | |  2.2
Transmutations | |  2.0

Action                   || total
-------------------------++-------
Melee: Unarmed           ||    93
       Headbutt          ||     3
       Tailslap          ||     7
       Kick              ||     3
 Cast: Beastly Appendage ||     3
       Spider Form       ||     1
  Use: Scroll            ||     4
  Eat: Chunk             ||     1
Armor: Skin              ||    38
Dodge: Dodged            ||    53
